[ AOE2 MATCH · #507363551 ]
UnrankedSpanish vs Portuguese
Player's team · LOSS
[ REPLAY ANALYSIS · EXTRACTED FROM THE RECORDED GAME ]
Feudal
18:34
Castle
30:36
Imperial
—
| APM avg | 66.1 |
| APM peak | 95 |
| eAPM avg | 36.1 |
| Villagers / military | 73 / 83 |
Focus
⚔️ 56.1% · 🌾 43.9%
Militia ×48 · Archer ×20 · Missionary ×15
Feudal
21:26
Castle
29:47
Imperial
—
| APM avg | 79.8 |
| APM peak | 121 |
| eAPM avg | 36.7 |
| Villagers / military | 81 / 130 |
Focus
⚔️ 73.2% · 🌾 26.8%
Militia ×113 · Organ Gun ×17
Match map
Initial resources + every placement click. Lines = walls · curves = elevation contours. ◆ gold · ⬟ stone · ● berries · ✦ relic · ◌ wall gap
Your base· Open — 4t gap
RedPhosphoru's base· Open — 5t gap
Smoothed initial terrain · ◌ = detected wall gap · hover for details
Inputs per minute
— STORM | Noszombie - - RedPhosphoru
Build order — STORM | Noszombie
First 150 of 258 actions detected
| 0:01 | Queue | Villager (Male) |
| 0:02 | Build | House |
| 0:03 | Build | House |
| 0:08 | Queue | Villager (Male) |
| 0:11 | Queue | Villager (Male) |
| 0:14 | Queue | Villager (Male) |
| 1:29 | Build | House |
| 1:33 | Queue | Villager (Male) |
| 2:01 | Queue | Villager (Male) |
| 2:22 | Build | Lumber Camp |
| 2:27 | Queue | Villager (Male) |
| 2:45 | Queue | Villager (Male) |
| 2:57 | Queue | Villager (Male) |
| 3:44 | Queue | Villager (Male) |
| 3:51 | Queue | Villager (Male) |
| 4:25 | Queue | Villager (Male) |
| 4:31 | Queue | Villager (Male) |
| 4:31 | Queue | Villager (Male) |
| 4:56 | Build | Barracks |
| 5:19 | Queue | Villager (Male) |
| 5:25 | Build | House |
| 5:29 | Queue | Villager (Male) |
| 5:36 | Queue | Villager (Male) |
| 5:39 | Build | House |
| 5:47 | Queue | Militia |
| 5:48 | Queue | Militia |
| 5:53 | Queue | Villager (Male) |
| 6:13 | Queue | Villager (Male) |
| 6:25 | Build | Mill |
| 6:40 | Queue | Villager (Male) |
| 7:08 | Queue | Militia |
| 7:21 | Build | Mining Camp |
| 7:37 | Queue | Militia |
| 7:47 | Queue | Militia |
| 7:53 | Queue | Villager (Male) |
| 8:30 | Queue | Villager (Male) |
| 8:32 | Queue | Militia |
| 8:49 | Queue | Villager (Male) |
| 8:58 | Queue | Villager (Male) |
| 9:04 | Queue | Villager (Male) |
| 9:19 | Build | Mining Camp |
| 9:26 | Queue | Villager (Male) |
| 9:42 | Queue | Villager (Male) |
| 9:49 | Build | House |
| 10:04 | Queue | Militia |
| 10:07 | Queue | Villager (Male) |
| 10:12 | Build | Mill |
| 10:25 | Build | House |
| 10:29 | Queue | Villager (Male) |
| 10:36 | Build | House |
| 10:37 | Build | Palisade Wall |
| 10:43 | Research | Loom |
| 10:44 | Queue | Militia |
| 10:48 | Queue | Villager (Male) |
| 10:53 | Build | Farm |
| 11:11 | Queue | Militia |
| 11:17 | Queue | Militia |
| 11:20 | Build | Farm |
| 11:35 | Build | Farm |
| 11:42 | Queue | Militia |
| 11:46 | Queue | Villager (Male) |
| 11:47 | Queue | Villager (Male) |
| 12:05 | Build | House |
| 12:09 | Build | Farm |
| 12:10 | Queue | Militia |
| 12:21 | Queue | Militia |
| 12:42 | Build | Farm |
| 12:47 | Queue | Villager (Male) |
| 12:51 | Build | House |
| 13:01 | Queue | Militia |
| 13:04 | Queue | Villager (Male) |
| 13:10 | Queue | Villager (Male) |
| 13:22 | Build | House |
| 13:24 | Build | Palisade Wall |
| 13:25 | Build | Palisade Wall |
| 13:27 | Queue | Villager (Male) |
| 13:39 | Build | Palisade Gate |
| 13:42 | Build | Palisade Wall |
| 13:44 | Build | Palisade Wall |
| 13:51 | Queue | Villager (Male) |
| 14:06 | Queue | Villager (Male) |
| 14:07 | Build | Farm |
| 14:08 | Build | Farm |
| 14:25 | Queue | Militia |
| 14:27 | Queue | Villager (Male) |
| 14:30 | Build | Farm |
| 15:01 | Queue | Militia |
| 15:02 | Queue | Villager (Male) |
| 15:03 | Build | Palisade Wall |
| 15:06 | Queue | Villager (Male) |
| 15:09 | Build | Palisade Wall |
| 15:11 | Build | Palisade Wall |
| 15:12 | Build | Palisade Wall |
| 15:18 | Build | Farm |
| 15:19 | Build | Farm |
| 15:27 | Build | Farm |
| 16:22 | Build | Mining Camp |
| 16:24 | Research | Feudal Age |
| 16:28 | Build | Palisade Wall |
| 16:37 | Queue | Militia |
| 16:41 | Build | House |
| 16:45 | Build | House |
| 16:52 | Queue | Militia |
| 17:02 | Build | Farm |
| 17:05 | Queue | Militia |
| 17:26 | Queue | Militia |
| 17:32 | Build | Farm |
| 18:19 | Queue | Militia |
| 18:19 | Queue | Militia |
| 18:28 | Queue | Militia |
| 18:34 | Age | Feudal Age |
| 18:38 | Research | Man-at-Arms (upgrade) |
| 18:42 | Queue | Villager (Male) |
| 18:47 | Build | Blacksmith |
| 18:49 | Research | Double-Bit Axe |
| 18:49 | Research | Double-Bit Axe |
| 18:49 | Research | Horse Collar |
| 18:55 | Queue | Villager (Male) |
| 18:56 | Queue | Militia |
| 19:09 | Queue | Villager (Male) |
| 19:14 | Queue | Militia |
| 19:18 | Queue | Villager (Male) |
| 19:22 | Build | Farm |
| 19:27 | Build | Barracks |
| 19:34 | Research | Scale Mail Armor |
| 19:35 | Queue | Militia |
| 19:39 | Queue | Militia |
| 19:44 | Queue | Militia |
| 20:03 | Queue | Villager (Male) |
| 20:17 | Queue | Militia |
| 20:19 | Build | Farm |
| 20:22 | Build | Farm |
| 20:22 | Build | Farm |
| 20:22 | Build | Farm |
| 20:23 | Build | Farm |
| 20:24 | Queue | Militia |
| 20:33 | Queue | Villager (Male) |
| 20:39 | Build | Market |
| 20:46 | Queue | Militia |
| 21:03 | Build | Farm |
| 21:12 | Research | Forging |
| 21:13 | Queue | Militia |
| 21:13 | Queue | Militia |
| 21:18 | Queue | Militia |
| 21:24 | Queue | Villager (Male) |
| 21:25 | Queue | Militia |
| 21:27 | Queue | Militia |
| 21:32 | Build | Archery Range |
| 21:43 | Research | Fletching |
| 21:44 | Queue | Militia |
Build order — RedPhosphoru
First 150 of 283 actions detected
| 0:00 | Queue | Villager (Male) |
| 0:01 | Queue | Villager (Male) |
| 0:02 | Build | House |
| 0:03 | Build | House |
| 0:09 | Queue | Villager (Male) |
| 0:14 | Queue | Villager (Male) |
| 1:18 | Queue | Villager (Male) |
| 1:50 | Queue | Villager (Male) |
| 2:28 | Queue | Villager (Male) |
| 3:01 | Queue | Villager (Male) |
| 3:04 | Build | Barracks |
| 3:21 | Build | House |
| 3:23 | Queue | Villager (Male) |
| 3:29 | Build | Palisade Wall |
| 3:38 | Build | Palisade Wall |
| 3:45 | Queue | Villager (Male) |
| 4:01 | Queue | Villager (Male) |
| 4:29 | Queue | Villager (Male) |
| 4:33 | Queue | Villager (Male) |
| 4:35 | Build | House |
| 4:48 | Queue | Villager (Male) |
| 5:12 | Queue | Villager (Male) |
| 5:36 | Queue | Militia |
| 5:47 | Queue | Villager (Male) |
| 5:47 | Queue | Militia |
| 5:55 | Build | House |
| 5:57 | Queue | Villager (Male) |
| 6:16 | Queue | Militia |
| 6:24 | Build | House |
| 6:30 | Build | Palisade Wall |
| 6:30 | Build | Palisade Wall |
| 6:31 | Build | Palisade Wall |
| 6:35 | Queue | Villager (Male) |
| 6:37 | Build | Mill |
| 6:48 | Queue | Militia |
| 7:01 | Build | House |
| 7:09 | Queue | Militia |
| 7:24 | Queue | Villager (Male) |
| 7:44 | Queue | Villager (Male) |
| 7:52 | Queue | Militia |
| 8:13 | Build | Palisade Wall |
| 8:17 | Build | Palisade Wall |
| 8:21 | Queue | Villager (Male) |
| 8:30 | Queue | Villager (Male) |
| 8:45 | Build | Palisade Wall |
| 8:50 | Build | Palisade Wall |
| 8:51 | Queue | Militia ×2 |
| 8:55 | Build | House |
| 9:06 | Queue | Villager (Male) |
| 9:08 | Build | House |
| 9:10 | Build | House |
| 9:16 | Build | House |
| 9:28 | Build | Palisade Wall |
| 9:29 | Build | Palisade Wall |
| 9:32 | Build | Palisade Wall |
| 9:33 | Build | Palisade Wall |
| 9:36 | Queue | Militia ×2 |
| 9:44 | Queue | Villager (Male) |
| 9:47 | Build | House |
| 9:52 | Queue | Militia |
| 10:09 | Build | Lumber Camp |
| 10:22 | Queue | Militia |
| 10:28 | Build | House |
| 10:30 | Queue | Villager (Male) |
| 10:57 | Queue | Villager (Male) |
| 11:08 | Queue | Militia |
| 11:33 | Build | Farm |
| 11:33 | Build | Farm |
| 11:34 | Build | Farm |
| 11:34 | Build | Farm |
| 11:34 | Build | Farm |
| 11:34 | Build | Farm |
| 11:35 | Queue | Villager (Male) |
| 11:58 | Build | Farm |
| 12:06 | Build | Mill |
| 12:07 | Queue | Militia |
| 12:16 | Queue | Militia ×2 |
| 12:21 | Queue | Villager (Male) |
| 12:37 | Build | Palisade Wall |
| 12:42 | Queue | Villager (Male) |
| 12:55 | Build | House |
| 12:58 | Queue | Militia |
| 13:03 | Queue | Villager (Male) |
| 13:05 | Build | Mining Camp |
| 13:15 | Queue | Villager (Male) |
| 13:31 | Queue | Militia |
| 13:36 | Build | Palisade Wall |
| 13:38 | Build | Farm |
| 13:42 | Build | Palisade Wall |
| 13:50 | Queue | Villager (Male) |
| 13:58 | Build | Farm |
| 14:03 | Queue | Militia ×2 |
| 14:15 | Queue | Militia |
| 14:26 | Queue | Villager (Male) |
| 14:29 | Build | Farm |
| 14:32 | Build | Farm |
| 14:40 | Build | Farm |
| 14:51 | Queue | Villager (Male) |
| 15:05 | Queue | Villager (Male) |
| 15:11 | Build | Farm |
| 15:14 | Queue | Militia ×2 |
| 15:23 | Queue | Militia |
| 15:27 | Queue | Villager (Male) |
| 15:35 | Build | Farm |
| 15:43 | Queue | Villager (Male) |
| 15:48 | Build | Barracks |
| 15:54 | Queue | Militia |
| 15:58 | Queue | Villager (Male) |
| 16:07 | Queue | Villager (Male) |
| 16:23 | Queue | Militia ×2 |
| 16:35 | Build | Farm |
| 16:38 | Build | Farm |
| 16:40 | Build | Farm |
| 16:44 | Queue | Militia |
| 16:49 | Queue | Villager (Male) |
| 16:52 | Build | House |
| 16:54 | Build | House |
| 17:00 | Build | House |
| 17:01 | Build | House |
| 17:12 | Research | Loom |
| 17:14 | Queue | Militia ×4 |
| 17:20 | Queue | Villager (Male) |
| 17:35 | Queue | Villager (Male) |
| 17:50 | Queue | Militia ×3 |
| 17:55 | Build | Mill |
| 17:57 | Build | Farm |
| 17:57 | Build | Farm |
| 17:57 | Build | Farm |
| 17:57 | Build | Farm |
| 17:57 | Build | Farm |
| 18:18 | Queue | Villager (Male) |
| 18:33 | Queue | Militia ×3 |
| 18:44 | Queue | Villager (Male) |
| 18:48 | Build | House |
| 19:10 | Research | Feudal Age |
| 19:16 | Build | Farm |
| 19:23 | Queue | Militia |
| 19:28 | Build | Farm |
| 19:40 | Queue | Militia ×2 |
| 19:40 | Queue | Militia ×2 |
| 19:54 | Queue | Militia ×2 |
| 20:04 | Queue | Militia |
| 20:07 | Queue | Militia |
| 20:13 | Build | Mill |
| 20:15 | Build | Farm |
| 20:15 | Build | Farm |
| 20:15 | Build | Farm |
| 20:16 | Build | Farm |
| 20:16 | Build | Farm |
| 20:16 | Build | Farm |
Match timeline
| 3:04 | RedPhosphoru · first_building Barracks |
| 3:29 | RedPhosphoru · wall_segment Palisade Wall x1 |
| 3:38 | RedPhosphoru · wall_segment Palisade Wall x1 |
| 4:56 | STORM | Noszombie · first_building Barracks |
| 6:30 | RedPhosphoru · wall_segment Palisade Wall x1 |
| 6:30 | RedPhosphoru · wall_segment Palisade Wall x1 |
| 6:31 | RedPhosphoru · wall_segment Palisade Wall x1 |
| 8:13 | RedPhosphoru · wall_segment Palisade Wall x1 |
| 8:17 | RedPhosphoru · wall_segment Palisade Wall x1 |
| 8:45 | RedPhosphoru · wall_segment Palisade Wall x1 |
| 8:50 | RedPhosphoru · wall_segment Palisade Wall x1 |
| 9:28 | RedPhosphoru · wall_segment Palisade Wall x1 |
| 9:29 | RedPhosphoru · wall_segment Palisade Wall x1 |
| 9:32 | RedPhosphoru · wall_segment Palisade Wall x1 |
| 9:33 | RedPhosphoru · wall_segment Palisade Wall x1 |
| 10:37 | STORM | Noszombie · wall_segment Palisade Wall x5 |
| 12:37 | RedPhosphoru · wall_segment Palisade Wall x1 |
| 13:24 | STORM | Noszombie · wall_segment Palisade Wall x7 |
| 13:25 | STORM | Noszombie · wall_segment Palisade Wall x5 |
| 13:36 | RedPhosphoru · wall_segment Palisade Wall x8 |
| 13:42 | STORM | Noszombie · wall_segment Palisade Wall x1 |
| 13:42 | RedPhosphoru · wall_segment Palisade Wall x9 |
| 13:44 | STORM | Noszombie · wall_segment Palisade Wall x1 |
| 15:03 | STORM | Noszombie · wall_segment Palisade Wall x1 |
| 15:09 | STORM | Noszombie · wall_segment Palisade Wall x1 |
| 15:11 | STORM | Noszombie · wall_segment Palisade Wall x1 |
| 15:12 | STORM | Noszombie · wall_segment Palisade Wall x1 |
| 16:28 | STORM | Noszombie · wall_segment Palisade Wall x1 |
| 18:34 | STORM | Noszombie · age_up feudal |
| 21:10 | STORM | Noszombie · first_market_buy 100 food |
| 21:26 | RedPhosphoru · age_up feudal |
| 21:32 | STORM | Noszombie · first_building Archery Range |
| 23:29 | STORM | Noszombie · wall_segment Palisade Wall x1 |
| 24:26 | RedPhosphoru · wall_segment Palisade Wall x20 |
| 25:53 | RedPhosphoru · wall_segment Palisade Wall x1 |
| 27:01 | RedPhosphoru · wall_segment Stone Wall x1 |
| 27:27 | STORM | Noszombie · first_market_sell 500 wood |
| 29:21 | RedPhosphoru · first_market_sell 100 wood |
| 29:47 | RedPhosphoru · age_up castle |
| 30:24 | RedPhosphoru · first_building Castle |
| 30:36 | STORM | Noszombie · age_up castle |
| 30:50 | STORM | Noszombie · first_building Monastery |
| 30:55 | STORM | Noszombie · wall_segment Stone Wall x1 |
| 31:29 | RedPhosphoru · first_market_buy 100 wood |
| 35:59 | STORM | Noszombie · resign |
[ AI ANALYSIS · 1 CREDIT ]
What really happened in this match?
Wolo.gg analyzes every decision: build order, eco, micro, common mistakes by bracket. Personalized analysis on WhatsApp or Discord in 30 seconds.
Civ guide
Spanish
Perfil
Jugador #322534